 Dungeon Sprint DCSS version 0.31-a0-664-g902f515a81 (webtiles) character file.

Game seed: 12919729094218350469

4427 rocky1 the Fencer (level 10, -14/120 HPs)
             Began as a Djinni Gladiator on Sept 3, 2023.
             Was an Initiate of Gozag.
             Demolished by Urug
             ... wielding a +5 eveningstar
              (27 damage)
             ... in the Dungeon (Sprint VII: "The Pits").
             The game lasted 00:06:28 (1685 turns).

rocky1 the Fencer (Djinni Gladiator)                Turns: 1685, Time: 00:06:29

Health: -14/120    AC: 17    Str: 13    XL:     10   Next: 62%
Gold:   1528       EV: 12    Int: 12    God:    Gozag SH:  5 Dex: 22

rFire   + + .        j - +4 great sword
rCold   x . .        (shield currently unavailable)
rNeg    . . .        x - +4 chain mail
rPois   ∞            c - +0 helmet
rElec   +            (no cloak)
rCorr   .            (no gloves)
SInv    .            (boots unavailable)
Will    ++...        b - amulet of reflection Stlth
                     a - ring "Sisch" {Wiz rElec Will+ Int+2}
HPRegen 0.40/turn    r - +3 ring of dexterity
MPRegen 0.00/turn

%: no teleportation, reflection, wizardry (x1), infuse magic (-15 HP)
@: berserking, gold aura, flying, very quick
A: sickness immunity, fire resistance 2, cold vulnerability 1, float, innate
caster, HP casting, extra vitality 1
a: Renounce Religion, Potion Petition, Call Merchant, Bribe Branch


You were in the Dungeon.
You worshipped Gozag.
Gozag was most pleased with you.
You visited 1 branch You collected 3429 gold pieces.
You spent 1424 gold pieces at shops.
You paid 477 gold pieces to Gozag.

Inventory:

Hand Weapons
 j - a +4 great sword (weapon)
 n - a +0 long sword of flaming
Missiles
 d - 3 throwing nets (quivered)
 e - a javelin
Armour
 c - a +0 helmet (worn)
 v - a +5 ring mail
 x - a +4 chain mail (worn)
Jewellery
 a - the ring "Sisch" (left hand) {Wiz rElec Will+ Int+2}
   (You bought it in a shop in the Dungeon)

   [ring of wizardry]

   Wiz:       It improves your spell success rate.
   Int+2:     It affects your intelligence (+2).
   rElec:     It insulates you from electricity.
   Will+:     It increases your willpower.
 b - an amulet of reflection (around neck)
 r - a +3 ring of dexterity (right hand)
Scrolls
 l - 2 scrolls of vulnerability
 m - a scroll of summoning
Potions
 f - 4 potions of curing
 g - 3 potions of heal wounds
 h - a potion of haste
 i - a potion of berserk rage
 k - a potion of invisibility
 s - a potion of resistance
 t - a potion of brilliance
 u - a potion of mutation


   Skills:
 + Level 10.1 Fighting
 + Level 15.2 Long Blades
 - Level 1.9 Throwing
 + Level 11.4 Armour
 + Level 9.8 Dodging
 * Level 3.0 Spellcasting
 * Level 3.0 Conjurations
 * Level 3.0 Hexes
 * Level 3.0 Summonings
 * Level 3.0 Necromancy
 * Level 3.0 Translocations
 * Level 3.0 Transmutations
 * Level 3.0 Fire Magic
 * Level 3.0 Ice Magic
 * Level 3.0 Air Magic
 * Level 3.0 Earth Magic
 * Level 3.0 Poison Magic


You knew the following spells:

 Your Spells              Type           Power      Damage    Failure   Level
a - Shock                 Conj/Air       36%        1d5       28%         1
b - Lesser Beckoning      Tloc           18%        N/A       41%         2
c - Searing Ray           Conj           18%        2d5       41%         2
d - Petrify               Tmut/Erth      9%         N/A       95%         4
Your spell library was empty.

Dungeon Overview and Level Annotations

Branches:
Dungeon (1/1)

Altars:
Ashenzari
Cheibriados
Dithmenos
Elyvilon
Fedhas
Gozag
Hepliaklqana
Makhleb
Nemelex Xobeh
Okawaru
Qazlal
Ru
Trog
Uskayaw
Wu Jian
Xom
Yredelemnul
Zin
The Shining One
Jiyva
Lugonu

Shops:
D =

Annotations:
D Urug


Innate Abilities, Weirdness & Mutations

You are immune to sickness and miasma.
You are immune to poison.
Your flesh is very heat resistant. (rF++)
You are vulnerable to cold. (rC-)
You float through the air rather than walking.
You learn spells naturally, not from books.
Your magical power is your life essence.
You have superior vitality. (+4 MHP)


Message History

You are too injured to fight recklessly!
You are too injured to fight recklessly!
You hit the phantasmal warrior.
The phantasmal warrior is almost destroyed.
The phantasmal warrior misses you.
You slash the phantasmal warrior!
You destroy the phantasmal warrior!
Your Fighting skill increases to level 10!
Your Long Blades skill increases to level 15!
Your Spellcasting skill increases to level 3!
Your Conjurations skill increases to level 3!
Your Hexes skill increases to level 3!
Your Summonings skill increases to level 3!
Your Necromancy skill increases to level 3!
Your Translocations skill increases to level 3!
Your Transmutations skill increases to level 3!
Your Fire Magic skill increases to level 3!
Your Ice Magic skill increases to level 3!
Your Air Magic skill increases to level 3!
Your Earth Magic skill increases to level 3!
Your Poison Magic skill increases to level 3!
Unknown command.
You slash the orc sorcerer!
The orc sorcerer is moderately wounded.
Urug hits you with a +5 eveningstar!!
* * * LOW HITPOINT WARNING * * *
The orc sorcerer hits you with a +0 dagger.
* * * LOW HITPOINT WARNING * * *
You slash the orc sorcerer!
The orc sorcerer is severely wounded.
The orc sorcerer closely misses you. You block Urug's attack.
You completely miss the orc sorcerer.
The orc sorcerer is severely wounded.
You slash the orc sorcerer!
You kill the orc sorcerer!
The ice devil disappears in a puff of smoke!
Urug hits you with a +5 eveningstar!!
You die...
Urug screams, "Revenge at last!"
Your body crumbles into a pile of gold.

.......##...###....###
.......##).##........##
.......##''#...#..#...#
#########..)..........+
#########++#...#..#...#
..#...[# . ##........##
..#..[.# ...###....###
..'..))# .....##..##
..#..))# #.....$@.+
..#..))# ###...§o.+
######## ########


You could see Urug.

Vanquished Creatures
  An orc high priest (D)
  A lindwurm (D)
  2 phantasmal warriors (D)
  An orc sorcerer (D)
  A komodo dragon (D)
  A wandering mushroom (D)
  A spriggan (D)
  3 fire bats (D)
  2 wargs (D)
  3 orc warriors (D)
  2 black bears (D)
  An ice beast (D)
  A bullfrog (D)
  8 wights (D)
  2 hounds (D)
  2 orc priests (D)
  2 orc wizards (D)
  An adder (D)
  A river rat (D)
  9 orcs (D)
  A bat zombie (D)
  A hobgoblin (D)
  4 jackals (D)
  A quokka (D)
  A bat (D)
  A frilled lizard (D)
  A quokka skeleton (D)
55 creatures vanquished.

Notes
Turn   | Place    | Note
-------+----------+-------------------------------------------
     0 | D        | rocky1 the Djinni Gladiator began the quest for the Orb.
     0 | D        | Reached XP level 1. HP: 18/18 MP: 0/0
    23 | D        | Reached skill level 3 in Long Blades
    23 | D        | Reached XP level 2. HP: 18/24 MP: 0/0
    27 | D        | Found a bloodstained altar of Trog.
    27 | D        | Found a viscous altar of Jiyva.
    27 | D        | Found a hazy altar of Hepliaklqana.
    27 | D        | Found an opulent altar of Gozag.
    28 | D        | Found a glowing golden altar of the Shining One.
    28 | D        | Found a glowing silver altar of Zin.
    28 | D        | Found a basalt altar of Yredelemnul.
    28 | D        | Found a shimmering altar of Xom.
    28 | D        | Found an ornate altar of the Wu Jian Council.
    28 | D        | Found a sacrificial altar of Ru.
    28 | D        | Found a stormy altar of Qazlal.
    28 | D        | Found an iron altar of Okawaru.
    28 | D        | Found a sparkling altar of Nemelex Xobeh.
    28 | D        | Found a burning altar of Makhleb.
    28 | D        | Found a blossoming altar of Fedhas.
    28 | D        | Found a white marble altar of Elyvilon.
    28 | D        | Found a shadowy altar of Dithmenos.
    28 | D        | Found a snail-covered altar of Cheibriados.
    31 | D        | Found a corrupted altar of Lugonu.
    32 | D        | Found a hide-covered altar of Uskayaw.
    32 | D        | Found a broken altar of Ashenzari.
    35 | D        | Became a worshipper of Gozag Ym Sagoz the Greedy
   134 | D        | Reached skill level 4 in Long Blades
   269 | D        | Reached skill level 5 in Dodging
   269 | D        | Reached XP level 3. HP: 27/29 MP: 0/0
   269 | D        | Learned a level 1 spell: Shock
   272 | D        | Noticed a bullfrog
   282 | D        | Killed a bullfrog
   283 | D        | Reached skill level 5 in Long Blades
   283 | D        | Reached XP level 4. HP: 12/35 MP: 0/0
   434 | D        | Noticed a wight
   434 | D        | Noticed a wight
   435 | D        | Noticed an ice beast
   435 | D        | Noticed a wight
   435 | D        | Noticed a wight
   435 | D        | Noticed a wight
   437 | D        | Noticed a wight
   437 | D        | Noticed an orc warrior
   453 | D        | Reached skill level 6 in Long Blades
   453 | D        | Reached XP level 5. HP: 20/41 MP: 0/0
   453 | D        | Learned a level 2 spell: Lesser Beckoning
   457 | D        | Reached skill level 7 in Long Blades
   460 | D        | Reached XP level 6. HP: 48/48 MP: 0/0
   461 | D        | Noticed a black bear
   463 | D        | Reached skill level 5 in Fighting
   463 | D        | Reached skill level 8 in Long Blades
   483 | D        | Reached skill level 9 in Long Blades
   483 | D        | Reached XP level 7. HP: 15/54 MP: 0/0
   483 | D        | Learned a level 2 spell: Searing Ray
   497 | D        | Reached skill level 5 in Armour
   516 | D        | Reached skill level 10 in Long Blades
   628 | D        | Reached XP level 8. HP: 39/62 MP: 0/0
   782 | D        | Noticed a fire bat
   789 | D        | Killed a fire bat
   790 | D        | Reached skill level 11 in Long Blades
   801 | D        | Noticed a fire bat
   802 | D        | Killed a fire bat
   806 | D        | Noticed a komodo dragon
   815 | D        | Killed a komodo dragon
  1158 | D        | Noticed a fire bat
  1168 | D        | Reached XP level 9. HP: 61/68 MP: 0/0
  1168 | D        | Learned a level 4 spell: Petrify
  1170 | D        | Reached skill level 12 in Long Blades
  1199 | D        | Noticed an orc high priest
  1217 | D        | Reached skill level 10 in Armour
  1237 | D        | Killed an orc high priest
  1238 | D        | Reached skill level 13 in Long Blades
  1394 | D        | Noticed a wandering mushroom
  1408 | D        | Killed a wandering mushroom
  1409 | D        | Reached skill level 1 in Spellcasting
  1409 | D        | Reached skill level 1 in Conjurations
  1409 | D        | Reached skill level 1 in Hexes
  1409 | D        | Reached skill level 1 in Summonings
  1409 | D        | Reached skill level 1 in Necromancy
  1409 | D        | Reached skill level 1 in Translocations
  1409 | D        | Reached skill level 1 in Transmutations
  1409 | D        | Reached skill level 1 in Fire Magic
  1409 | D        | Reached skill level 1 in Ice Magic
  1409 | D        | Reached skill level 1 in Air Magic
  1409 | D        | Reached skill level 1 in Earth Magic
  1409 | D        | Reached skill level 1 in Poison Magic
  1409 | D        | Reached XP level 10. HP: 78/78 MP: 0/0
  1521 | D        | Bought the ring "Sisch" {Wiz rElec Will+ Int+2} for 914
                  | gold pieces
  1521 | D        | Bought an amulet of reflection for 510 gold pieces
  1545 | D        | Reached skill level 14 in Long Blades
  1550 | D        | Noticed a phantasmal warrior
  1564 | D        | Killed a phantasmal warrior
  1648 | D        | Noticed a lindwurm
  1656 | D        | Killed a lindwurm
  1673 | D        | Noticed Urug
  1673 | D        | Noticed a phantasmal warrior
  1673 | D        | Noticed an orc sorcerer
  1676 | D        | Noticed an ice devil
  1681 | D        | Killed a phantasmal warrior
  1682 | D        | Reached skill level 10 in Fighting
  1682 | D        | Reached skill level 15 in Long Blades
  1685 | D        | Killed an orc sorcerer
  1685 | D        | Demolished by Urug

Illustrated notes

Levels and vault maps discovered:
D:        pitsprint [storerooms_1, entrance_room_1, metal_vault_4, armoury_2,
          mini_pit_1, grid_room_1, main_hall_1, silver_pit, the_coven_1,
          the_vestibule_1, steel_vault_5, golden_pit, hallway_of_sentries,
          crystal_vault_2, iron_vault_1, final_vault]

Skill      XL: |  1  2  3  4  5  6  7  8  9 10 |
---------------+-------------------------------+-----
Long Blades    | 3 4 5 6 7 9 10 11 13 15 | 15.2
Dodging        | 4 5 6 7 8 9 |  9.8
Fighting       | 3 4 5 6 7 9 10 | 10.1
Armour         | 2 3 4 6 9 10 11 | 11.4
Spellcasting   | 1 3 |  3.0
Conjurations   | 1 3 |  3.0
Hexes          | 1 3 |  3.0
Summonings     | 1 3 |  3.0
Necromancy     | 1 3 |  3.0
Translocations | 1 3 |  3.0
Transmutations | 1 3 |  3.0
Fire Magic     | 1 3 |  3.0
Ice Magic      | 1 3 |  3.0
Air Magic      | 1 3 |  3.0
Earth Magic    | 1 3 |  3.0
Poison Magic   | 1 3 |  3.0
Throwing       | |  1.9

Action                     |  1- 3 |  4- 6 |  7- 9 | 10-12 || total
---------------------------+-------+-------+-------+-------++-------
  Melee: Long sword        |    57 |    30 |    38 |       ||   125
         Punch             |       |       |     1 |       ||     1
         Great sword       |       |       |    77 |    36 ||   113
 Invoke: Call Merchant     |       |       |       |     1 ||     1
    Use: Potion            |       |     3 |     8 |     4 ||    15
         Scroll            |       |     1 |       |       ||     1
   Stab: Invisible         |       |       |     6 |       ||     6
         Distracted        |       |       |       |     1 ||     1
 Armour: Leather armour    |    40 |       |       |       ||    40
         Chain mail        |       |    21 |    86 |    31 ||   138
  Dodge: Dodged            |    52 |    15 |    57 |    15 ||   139
  Block: Other             |       |       |       |     3 ||     3

Table legend: (Time is in decaauts)
 A = Elapsed time spent in this place.
 B = Non-inter-level travel time spent in this place.
 C = Inter-level travel time spent in this place.
 D = Time resting spent in this place.
 E = Time spent auto-exploring this place.
 F = Levels seen in this place.
 G = Mean time per level.
                   A        B        C        D        E       F      G
               +--------+--------+--------+--------+--------+-----+--------+
         Total |   1722 |   1655 |     67 |    961 |      0 |   1 | 1722.0 |
       Dungeon |   1722 |   1655 |     67 |    961 |      0 |   1 | 1722.0 |
               +--------+--------+--------+--------+--------+-----+--------+

Top non-repeatable levels by time:
       D: 1722 daAuts
